 Dungeon Crawl Stone Soup version 0.29-a0-982-gaed3a0c8d8 (webtiles) character file.

Game seed: 14304232327582373301

71 MisterAzrael the Stinger (level 4, -2/24 HPs)
             Began as a Deep Elf Venom Mage on Aug 2, 2022.
             Killed from afar by Grinder (7 damage)
             ... with a puff of flame
             ... on level 3 of the Dungeon.
             The game lasted 00:04:59 (3227 turns).

MisterAzrael the Stinger (Deep Elf Venom Mage)      Turns: 3227, Time: 00:05:00

Health: -2/24      AC:  2    Str:  5    XL:     4   Next: 5%
Magic:  12/12      EV: 12    Int: 22    God:
Gold:   106        SH:  0    Dex: 15    Spells: 8/11 levels left

rFire   . . .      SeeInvis .   t - +8 hammer of Guahug {vorpal, rPois}
rCold   . . .      Faith    .   (no shield)
rNeg    . . .      Spirit   .   a - +0 robe
rPois   +          Reflect  .   (no helmet)
rElec   .          Harm     .   (no cloak)
rCorr   .          Rampage  .   (no gloves)
Will    .....                   (no boots)
Stlth   ++........              (no amulet)
HPRegen 0.08/turn               (no ring)
MPRegen 0.13/turn               (no ring)

@: no status effects
A: no striking features
a: no special abilities


You were on level 3 of the Dungeon.
You visited 1 branch of the dungeon, and saw 3 of its levels.

You collected 106 gold pieces.

Inventory:

Hand Weapons
 p - the +4 hammer of Kemuwky {holy, *Corrode rN+++ Str+2 Dex+3}
   (You found it on level 2 of the Dungeon)

   It has been blessed by the Shining One to cause great damage to the undead
   and demons.
   Str:       It affects your strength (+2).
   Dex:       It affects your dexterity (+3).
   rN:        It renders you almost immune to negative energy.
   *Corrode:  It may corrode you when you take damage.
 t - the +8 hammer of Guahug (weapon) {vorpal, rPois}
   (You found it on level 2 of the Dungeon)

   It inflicts extra damage upon your enemies.
   rPois:     It protects you from poison.
Missiles
 e - 3 curare-tipped darts
Armour
 a - a +0 robe (worn)
Jewellery
 m - an amulet of reflection
 r - a ring of protection from fire
Scrolls
 k - a scroll of vulnerability {unknown}
 l - a scroll of teleportation {unknown}
 n - a scroll of fog {unknown}
 s - a scroll of amnesia {unknown}
Potions
 b - 2 potions of magic
 d - 3 potions of flight
 f - a potion of resistance {unknown}
 g - 2 potions of brilliance {unknown}
 o - 2 potions of heal wounds
 q - 2 potions of mutation {unknown}
 u - a potion of ambrosia {unknown}


   Skills:
 - Level 2.6 Dodging
 - Level 2.6 Stealth
 + Level 4.0 Spellcasting
 - Level 1.3 Transmutations
 * Level 4.6 Poison Magic


You had 8 spell levels left.
You knew the following spells:

 Your Spells              Type           Power      Damage    Failure   Level
a - Sting                 Tmut/Pois      68%        1d6       3%          1
b - Poisonous Vapours     Pois/Air       28%        N/A       6%          2

Your spell library contained the following spells:

 Spells                   Type           Power      Damage    Failure   Level
 Olgreb's Toxic Radiance  Pois           24%        N/A       17%         4
 Mephitic Cloud           Conj/Pois/Air  11%        N/A       19%         3


Dungeon Overview and Level Annotations

Branches:
Dungeon (3/15)

Altars:

Annotations:
D:2 1 runed translucent door, Crazy Yiuf
D:3 Grinder


Message History

The sting misses the ball python.
The sting misses the frilled lizard.
The ball python barely misses you. The ball python grabs you.
The ball python constricts you.
The sting misses the ball python.
You kill the ball python!
The sting hits the frilled lizard.
The frilled lizard is poisoned.
You kill the frilled lizard!
u - a sedimented silvery potion Grinder comes into view.
She is carrying a wand of flame (18).
Found a fluorescent wand.
Grinder shouts!
Grinder zaps a wand.
The puff of flame hits you!
You can't see any susceptible monsters within range! (Use Z to cast anyway.)
Casting: Sting (safe; 3% risk of failure)
Confirm with . or Enter, or press ? or * to list all spells.
You can't see any susceptible monsters within range! (Use Z to cast anyway.) Unknown command.
The air fills with toxic fumes!
As you read the scroll labelled LAUSUFR WUIR, it crumbles to dust.
It was a scroll of poison.
As you read the scroll labelled TARGHU YMEMOCA, it crumbles to dust.
You feel aware of your surroundings.
You sensed 2 altars, and 3 shops/portals.
It was a scroll of magic mapping.
As you read the scroll labelled NUHIEQO UBAUDD, it crumbles to dust.
It is a scroll of identify.
j - a scroll of fear Grinder hits you but does no damage.
As you read the scroll of fear, it crumbles to dust.
You assume a fearsome visage.
Grinder looks frightened!
Grinder blinks!
Grinder blinks!
Grinder blinks!
Grinder blinks!
Grinder blinks!
Grinder blinks!
Grinder seems to regain her courage.
Grinder blinks!
Grinder zaps a wand.
The puff of flame hits you!
* * * LOW HITPOINT WARNING * * *
Grinder zaps a wand.
The puff of flame hits you!
You die...

**,*,*,,,...☼☼☼☼.○.....#
,,,*,*,##......☼○○.☼...#
,,,,,,,.....○.○.○..○...#
,,,,,,,#.......○.5.☼...#
,,,,*,*#.......☼☼......#
,,*,*,,........☼○○.....#
*,*,*,**#......#.#######
*,,,,,* *#...†##.# ,,,,,,*
###...#@######
,,,,,**#####.#........#
***,,**.........#####.#*
,***,*#.........# *,,*
,,**..#.........# **,*
,,,,..........(.# *,*
,****#..........# *,*
,,,**##.........#*****∩*****
,*,,*#..........#*⌠**⌠,⌠**⌠**


You could see Grinder.

Vanquished Creatures
  An adder (D:2)
  A worm (D:2)
  3 orcs (D:3)
  4 endoplasms (D:1)
  3 giant cockroaches
  8 hobgoblins
  3 jackals (D:2)
  3 kobolds
  4 quokkas (D:1)
  7 ball pythons
  3 bats
  3 frilled lizards
  4 goblins
  3 rats
50 creatures vanquished.

Vanquished Creatures (others)
  5 plants (D:2)
5 creatures vanquished.

Grand Total: 55 creatures vanquished

Notes
Turn   | Place    | Note
-------+----------+-------------------------------------------
     0 | D:1      | MisterAzrael the Deep Elf Venom Mage began the quest for
                  | the Orb.
     0 | D:1      | Reached XP level 1. HP: 10/10 MP: 6/6
   297 | D:1      | Reached XP level 2. HP: 15/15 MP: 6/8
   300 | D:1      | Learned a level 2 spell: Poisonous Vapours
  1154 | D:1      | Found a faded altar of an unknown god.
  1367 | D:1      | Reached XP level 3. HP: 19/19 MP: 5/10
  2212 | D:2      | Identified the +4 hammer of Kemuwky {holy, *Corrode rN+++
                  | Str+2 Dex+3}
  2952 | D:2      | Found a runed translucent door.
  2953 | D:2      | Identified the +8 hammer of Guahug {vorpal, rPois}
  2953 | D:2      | Noticed Crazy Yiuf
  3063 | D:3      | Reached XP level 4. HP: 18/24 MP: 1/12
  3208 | D:3      | Noticed Grinder
  3227 | D:3      | Killed from afar by Grinder

Illustrated notes

Levels and vault maps discovered:
D:1:      psy_arrival_statuary, layout_loops_cross,
          hellmonk_ecumenical_altar_heavens_door, minmay_nonomino_d4
D:2:      layout_basic, serial_bayou_lake_a, uniq_crazy_yiuf_cottage
D:3:      layout_rooms, amethyst_overflow_temple_binary, uniq_sigmund,
          uniq_grinder

Skill      XL: |  1  2  3 |
---------------+----------+-----
Poison Magic   | 4 |  4.6
Spellcasting   | 4 |  4.0
Dodging        | |  2.6
Stealth        | |  2.6
Transmutations | |  1.3

Action                   |  1- 3 |  4- 6 || total
-------------------------+-------+-------++-------
Melee: Unarmed           |     3 |       ||     3
       Mace              |     4 |       ||     4
 Cast: Sting             |    46 |     6 ||    52
       Poisonous Vapours |    53 |       ||    53
  Use: Potion            |     2 |       ||     2
       Scroll            |       |     4 ||     4
Armor: Robe              |    24 |     3 ||    27
Dodge: Dodged            |    44 |     3 ||    47

Table legend: (Time is in decaauts)
 A = Elapsed time spent in this place.
 B = Non-inter-level travel time spent in this place.
 C = Inter-level travel time spent in this place.
 D = Time resting spent in this place.
 E = Time spent auto-exploring this place.
 F = Levels seen in this place.
 G = Mean time per level.
                   A        B        C        D        E       F      G
               +--------+--------+--------+--------+--------+-----+--------+
         Total |   3256 |   3190 |     66 |    669 |   2031 |   3 | 1085.3 |
       Dungeon |   3256 |   3190 |     66 |    669 |   2031 |   3 | 1085.3 |
               +--------+--------+--------+--------+--------+-----+--------+

Top non-repeatable levels by time:
     D:1: 1783 daAuts
     D:2: 1288 daAuts
     D:3: 184 daAuts
